 Dungeon Crawl Stone Soup version 0.28.0-1-gb440e238dd (webtiles) character file.

Game seed: 9003779483867207344

27 mortz the Conjurer (level 3, -2/24 HPs)
             Began as a Human Conjurer on Feb 20, 2022.
             Slain by an adder (3 damage)
             ... on level 2 of the Dungeon.
             The game lasted 00:04:50 (1547 turns).

mortz the Conjurer (Human Conjurer)                 Turns: 1547, Time: 00:04:51

Health: -2/24      AC:  2    Str:  7    XL:     3   Next: 25%
Magic:  1/6        EV: 12    Int: 20    God:
Gold:   61         SH:  0    Dex: 11    Spells: 3/6 levels left

rFire   . . .      SeeInvis .   h - +0 dagger
rCold   . . .      Faith    .   (no shield)
rNeg    . . .      Spirit   .   a - +0 robe
rPois   .          Reflect  .   (no helmet)
rElec   .          Harm     .   (no cloak)
rCorr   .          Rampage  .   (no gloves)
Will    .....                   (no boots)
Stlth   ++........              (no amulet)
HPRegen 0.08/turn               (no ring)
MPRegen 0.10/turn               (no ring)

@: lethally poisoned (-2 -> -8), attractive, flying
A: no striking features
a: no special abilities


You were on level 2 of the Dungeon.
You visited 1 branch of the dungeon, and saw 2 of its levels.

You collected 61 gold pieces.

Inventory:

Hand Weapons
 f - a +0 spear
 h - a +0 dagger (weapon)
Armour
 a - a +0 robe (worn)
Scrolls
 b - a scroll of fear {unknown}
 c - a scroll of identify {unknown}
 d - a scroll of blinking {unknown}
 g - a scroll of amnesia {unknown}
 j - a scroll of torment {unknown}
 k - a scroll of summoning {unknown}
Potions
 e - a potion of attraction


   Skills:
 + Level 2.0 Dodging
 + Level 2.1 Stealth
 + Level 2.1 Spellcasting
 + Level 4.8 Conjurations


You had 3 spell levels left.
You knew the following spells:

 Your Spells              Type           Power      Damage    Failure   Level
a - Magic Dart            Conj           84%        1d7       2%          1
b - Searing Ray           Conj           42%        2d6       3%          2

Your spell library contained the following spells:

 Spells                   Type           Power      Damage    Failure   Level
 Dazzling Flash           Conj/Hex       22%        N/A       17%         3
 Frozen Ramparts          Ice            4%         1d2       43%         3
 Fulminant Prism          Conj/Hex       5%         3d7       50%         4
 Iskenderun's Mystic Bla  Conj/Tloc      11%        2d4       50%         4
 Ice Form                 Ice/Tmut       2%         N/A       83%         4
 Summon Ice Beast         Ice/Summ       2%         N/A       83%         4


Dungeon Overview and Level Annotations

Branches:
Dungeon (2/15)

Altars:

Shops:
D:2 (


Message History

The adder barely misses you.
The searing ray misses the adder.
The adder barely misses you.
The searing ray misses the adder.
The adder closely misses you. The adder bites you.
You are poisoned.
The adder poisons you!
The searing ray hits the adder!
The adder is almost dead.
You finish channelling your searing ray.
You feel sick. The adder closely misses you.
You don't have enough magic to cast this spell.
You barely miss the adder.
The adder is almost dead.
You feel sick. The adder misses you.
You hit the adder but do no damage.
The adder is almost dead.
You feel sick. The adder bites you.
You are more poisoned.
The adder poisons you! The adder misses you.
You miss the adder.
The adder is almost dead.
You feel sick. The adder bites you.
You are lethally poisoned!
The adder poisons you!
You barely miss the adder.
The adder is almost dead.
* * * LOW HITPOINT WARNING * * *
You feel very sick. The adder bites you but does no damage.
It was a potion of attraction.
You feel attractive to monsters.
* * * LOW HITPOINT WARNING * * *
You feel sick. The adder bites you.
* * * LOW HITPOINT WARNING * * *
It was a potion of flight.
You feel very buoyant.
You fly up into the air.
* * * LOW HITPOINT WARNING * * *
You feel sick. The adder misses you. The adder bites you.
You die...

. #
############ #
#..........#
### #.###.#####
#.# ...
#.........# #.#
#.# #####.###.#
##.##
#.#.#####.#
#.###.#.#####.#
#.#.....#.#
#..S@###......#
..####....#
#.###.#.#######
.........)# #.#
##.##
.#####..<.# #.#
#.# .###
##.#.###.####.#
...#
#............#
.#.#
#######....(##
.#.# #####.#
.#.##### #.#


You could see an adder.

Vanquished Creatures
  A worm (D:2)
  2 endoplasms (D:1)
  2 giant cockroaches (D:1)
  7 goblins
  3 hobgoblins (D:1)
  A ball python (D:1)
  A bat (D:1)
  A frilled lizard (D:1)
  2 kobolds (D:1)
  A rat (D:1)
21 creatures vanquished.

Notes
Turn   | Place    | Note
-------+----------+-------------------------------------------
     0 | D:1      | mortz the Human Conjurer began the quest for the Orb.
     0 | D:1      | Reached XP level 1. HP: 13/13 MP: 3/3
   208 | D:1      | Reached XP level 2. HP: 19/19 MP: 0/5
   264 | D:1      | Learned a level 2 spell: Searing Ray
   419 | D:1      | Found a faded altar of an unknown god.
  1272 | D:1      | Reached XP level 3. HP: 24/24 MP: 4/6
  1433 | D:2      | Found Gyjua's Weapon Shoppe.
  1547 | D:2      | HP: 1/24 [poisoned by an adder]
  1547 | D:2      | Slain by an adder

Illustrated notes

Levels and vault maps discovered:
D:1:      roderic_crossed_star, layout_loops_ring,
          hellmonk_ecumenical_altar_crossroads
D:2:      layout_loops_ring, serial_shops, nicolae_shop_crystal,
          nicolae_shop_bloodbath_and_beyond, nicolae_shop_hallway_plus

Action                   || total
-------------------------++-------
Melee: Unarmed           ||     3
       Dagger            ||     4
 Cast: Magic Dart        ||    35
       Searing Ray       ||     3
  Use: Potion            ||     2
Armor: Robe              ||     1
Dodge: Dodged            ||     9
